 Dungeon Crawl Stone Soup version 0.32-a0-886-g41c5271027 (webtiles) character file.

Game seed: 10736280306104247841

4274 Autsider the Thaumaturge (level 10, -1/92 HPs)
             Began as an Oni Hedge Wizard on Apr 2, 2024.
             Was a Follower of Vehumet.
             Succumbed to a water moccasin's poison
             ... on level 8 of the Dungeon.
             The game lasted 00:52:49 (12361 turns).

Autsider the Thaumaturge (Oni Hedge Wizard)        Turns: 12361, Time: 00:52:49

Health: -1/92      AC:  5    Str: 16    XL:     10   Next: 31%
Magic:  3/22       EV:  9    Int: 19    God:    Vehumet [*.....]
Gold:   260        SH:  0    Dex: 14    Spells: 11/25 levels left

rFire   . . .        H - +0 giant spiked club
rCold   . . .        (shield currently unavailable)
rNeg    . . .        (body armour restricted)
rPois   .            c - +0 hat
rElec   .            (no cloak)
rCorr   .            (gloves unavailable)
SInv    .            (boots unavailable)
Will    +....        n - amulet of the acrobat
Stlth   ++           l - +6 ring of dexterity
HPRegen 0.35/turn    s - +4 ring of protection
MPRegen 0.18/turn

%: acrobat
@: lethally poisoned (-1 -> -4)
A: large, unfitting armour, horns 1, tough skin 1, double potion healing,
drunken brawling
a: Renounce Religion


You were on level 8 of the Dungeon.
You worshipped Vehumet.
Vehumet was aware of your devotion.
You visited 1 branch of the dungeon, and saw 8 of its levels.

You collected 445 gold pieces.
You spent 185 gold pieces at shops.

Inventory:

Hand Weapons
 j - a +0 giant club
 H - a +0 giant spiked club (weapon)
Armour
 c - a +0 hat (worn)
Magical Staves
 b - a staff of conjuration {!a}
Jewellery
 k - an amulet of faith
 l - a +6 ring of dexterity (left hand)
 n - an amulet of the acrobat (around neck)
 q - a ring of ice
 s - a +4 ring of protection (right hand)
 w - a +6 ring of dexterity
 F - a ring of poison resistance
Wands
 y - a wand of charming (6)
 B - a wand of warping (8)
Scrolls
 e - 2 scrolls of blinking {unknown}
 f - a scroll of summoning {unknown}
 g - a scroll of immolation {unknown}
 i - a scroll of amnesia {unknown}
 m - a scroll of enchant armour {unknown}
 p - 2 scrolls of revelation {unknown}
 u - 2 scrolls of poison {unknown}
 v - a scroll of noise {unknown}
 x - 2 scrolls of teleportation
 z - 2 scrolls of identify
 A - 3 scrolls of fog {unknown}
 D - a scroll of enchant weapon {unknown}
 G - a scroll of silence {unknown}
 J - 2 scrolls of fear {unknown}
Potions
 a - 2 potions of attraction {unknown}
 d - a potion of invisibility
 h - 2 potions of enlightenment
 o - 2 potions of curing
 r - 4 potions of lignification
 t - a potion of cancellation
 C - a potion of berserk rage {unknown}
 E - a potion of heal wounds {unknown}
 I - 2 potions of haste {unknown}


   Skills:
 + Level 3.8 Fighting
 + Level 2.8 Maces & Flails
 + Level 2.4 Dodging
 - Level 1.4 Stealth
 + Level 8.2 Spellcasting
 - Level 8.0 Conjurations
 - Level 4.0 Summonings
 - Level 3.0 Translocations
 - Level 4.0 Air Magic
 - Level 4.0 Alchemy


You had 11 spell levels left.
You knew the following spells:

 Your Spells              Type           Power      Damage    Failure   Level
a - Magic Dart            Conj           100%       1d8       1%          1
b - Searing Ray           Conj           76%        2d7       1%          2
c - Fulminant Prism       Conj/Alch      15%        3d10      8%          4
w - Mephitic Cloud        Conj/Alch/Air  28%        N/A       3%          3
z - Blink                 Tloc           38%        N/A       4%          2
A - Call Imp              Summ           46%        N/A       2%          2

Your spell library contained the following spells:

 Spells                   Type           Power      Damage    Failure   Level
 Shock                    Conj/Air       100%       1d9       1%          1
 Cigotuvi's Dreadful Rot  Necr/Alch/Air  34%        N/A       4%          2
 Dazzling Flash           Conj/Hex       46%        N/A       5%          3
 Slow                     Hex            28%        N/A       9%          1
 Confusing Touch          Hex            7%         N/A       26%         3
 Vampiric Draining        Necr           7%         2d6       26%         3
 Animate Dead             Necr           7%         N/A       65%         4
 Silence                  Hex/Air        7%         N/A       73%         5
 Curse of Agony           Necr           7%         N/A       94%         5
 Haunt                    Necr/Summ      7%         N/A       100%        7
 Infestation              Necr           3%         N/A       100%        8


Dungeon Overview and Level Annotations

Branches:
Dungeon (8/15)             Temple (0/1) D:6
   Lair: D:8-11

Altars:
Qazlal
Sif Muna
Uskayaw
Vehumet
Xom
Yredelemnul
Beogh

Shops:
D:1 *   D:3 ?   D:4 ?   D:6 =

Annotations:
D:3 1 runed translucent door, Crazy Yiuf
D:4 exclusion: downstairs
D:5 3 runed translucent doors, exclusion: 2 downstairs, MoonlitKnight's ghost, amateur CoHu
D:6 1 runed translucent door, exclusion: downstairs, Nebesus's ghost, novice AtFi
D:7 2 transporters, exclusion: downstairs, scrimwish's ghost, novice HuCj


Innate Abilities, Weirdness & Mutations

You are too large for most types of armour.
You have a pair of small horns on your head.
You have tough skin. (AC +1)
You gain doubled healing and magic from potions.
Whenever you drink a healing potion, you attack all around you.


Message History

You are more poisoned.
The water moccasin poisons you!
You barely miss the water moccasin.
The water moccasin is severely wounded.
You feel extremely sick. The water moccasin bites you.
* * * LOW HITPOINT WARNING * * *
The water moccasin barely misses you. The water moccasin bites you.
* * * LOW HITPOINT WARNING * * *
Unknown command.
You barely miss the water moccasin.
The water moccasin is severely wounded.
You feel very sick. The water moccasin bites you!
* * * LOW HITPOINT WARNING * * *
The water moccasin bites you.
* * * LOW HITPOINT WARNING * * *
Unknown command.
You closely miss the water moccasin.
Your headbutt misses the water moccasin.
The water moccasin is severely wounded.
You feel very sick.
The water moccasin bites you but does no damage. x2
Unknown command.
You miss the water moccasin.
The water moccasin is severely wounded.
You feel sick. The water moccasin bites you.
* * * LOW HITPOINT WARNING * * *
The water moccasin closely misses you.
Unknown command.
You closely miss the water moccasin.
The water moccasin is severely wounded.
You feel sick. The water moccasin bites you!
* * * LOW HITPOINT WARNING * * *
The water moccasin closely misses you.
The water moccasin bites you but does no damage.
Unknown command.
You miss the water moccasin.
The water moccasin is severely wounded.
You die...

#### .### #.## #.#...###.. ###
#.#.......# ###### #.#
#........#
#....###.#####.........
#..#.S@.............#.. ##
##.####...#####....#).. ..# .#
#S# #..## ##....... ...#..#
##.####.## #.....## ....#.#
##...##...### ###....## ......#
##...........###.....##
......###......###...........##
.......#.......# ##...........#
$K....K.........# #...........#


You could see a water moccasin.

Vanquished Creatures
  A troll (D:8)
  Sigmund (D:5)
  A wraith (D:5)
  A wyvern (D:7)
  Eustachio (D:6)
  A steam dragon (D:8)
  Edmund (D:5)
  2 water moccasins
  3 ice beasts
  An orc warrior (D:6)
  3 sky beasts (D:7)
  2 black bears
  2 ogres
  2 centaurs
  A phantom (D:6)
  Blork the orc (D:6)
  A kobold brigand (D:8)
  An elf zombie (D:6)
  4 bullfrogs
  3 scorpions
  3 jellies
  A wight (D:7)
  3 killer bees (D:7)
  A bombardier beetle (D:6)
  A sleepcap (D:4)
  A gnoll bouda (D:7)
  A hound (D:7)
  A scorpion zombie (D:6)
  Natasha (thrice) (D:4)
  3 iguanas
  An ogre zombie (D:6)
  A hound zombie (D:6)
  A gnoll (D:7)
  7 adders
  2 river rats
  A shadow imp (D:6)
  2 white imps
  2 ufetubi (D:5)
  An adder zombie (D:6)
  9 ribbon worms
  5 dart slugs
  13 orcs
  5 endoplasms
  3 giant cockroaches
  7 goblins
  3 hobgoblins
  4 jackals (D:4)
  14 kobolds
  5 quokkas
  8 ball pythons
  5 bats (D:1)
  4 frilled lizards
  13 rats
167 creatures vanquished.

Vanquished Creatures (collateral kills)
  A water moccasin (D:7)
  A jelly (D:4)
  2 human zombies (D:6)
  2 adders
  An orc (D:6)
  3 endoplasms (D:2)
  A giant cockroach (D:6)
  A ball python (D:4)
  A frilled lizard (D:2)
13 creatures vanquished.

Vanquished Creatures (others)
  47 fulminant prisms
47 creatures vanquished.

Grand Total: 227 creatures vanquished

Notes
Turn   | Place    | Note
-------+----------+-------------------------------------------
     0 | D:1      | Autsider the Oni Hedge Wizard began the quest for the Orb.
     0 | D:1      | Reached XP level 1. HP: 16/16 MP: 5/5
    84 | D:1      | Reached skill level 1 in Conjurations
    84 | D:1      | Reached skill level 1 in Summonings
   288 | D:1      | Reached XP level 2. HP: 24/24 MP: 2/6
  1120 | D:1      | Reached XP level 3. HP: 30/31 MP: 3/8
  1123 | D:1      | Learned a level 2 spell: Call Imp
  1126 | D:1      | Learned a level 2 spell: Blink
  1130 | D:1      | Learned a level 3 spell: Mephitic Cloud
  1213 | D:1      | Found Lewoh's Assorted Antiques.
  2122 | D:2      | Reached XP level 4. HP: 39/39 MP: 6/10
  2276 | D:2      | Reached skill level 1 in Translocations
  2285 | D:2      | Found a stormy altar of Qazlal.
  2717 | D:2      | Learned a level 2 spell: Searing Ray
  3231 | D:3      | Found Baonut's Magic Scroll Boutique.
  3237 | D:3      | Bought a scroll of identify for 22 gold pieces
  3237 | D:3      | Bought a scroll of teleportation for 33 gold pieces
  3738 | D:3      | Found a runed translucent door.
  3739 | D:3      | Noticed Crazy Yiuf
  4089 | D:4      | Noticed a black bear
  4103 | D:4      | Killed a black bear
  4104 | D:4      | Reached XP level 5. HP: 35/45 MP: 8/11
  4257 | D:4      | Noticed a +0 dagger
  4259 | D:4      | Noticed a +0 falchion
  4260 | D:4      | Noticed a +0 short sword
  4260 | D:4      | Noticed a +0 falchion
  4261 | D:4      | Noticed a +0 spear
  4261 | D:4      | Noticed a +0 short sword
  4262 | D:4      | Noticed a +0 dagger
  4263 | D:4      | Noticed a +0 spear
  4311 | D:4      | Found a hide-covered altar of Uskayaw.
  4431 | D:4      | Found Haosoripp's Magic Scroll Boutique.
  4435 | D:4      | Bought 3 scrolls of identify for 60 gold pieces
  4435 | D:4      | Bought a scroll of teleportation for 30 gold pieces
  4438 | D:4      | Bought a scroll of identify for 20 gold pieces
  4438 | D:4      | Bought a scroll of identify for 20 gold pieces
  4468 | D:4      | Noticed an ogre
  4483 | D:4      | Killed an ogre
  4484 | D:4      | Reached XP level 6. HP: 39/53 MP: 2/13
  4638 | D:4      | Found a basalt altar of Yredelemnul.
  4639 | D:4      | Found a shimmering altar of Xom.
  4728 | D:4      | Noticed Natasha
  4769 | D:4      | Killed Natasha
  5199 | D:4      | Noticed Natasha
  5207 | D:4      | Killed Natasha
  5208 | D:4      | Reached skill level 5 in Spellcasting
  5333 | D:4      | Noticed Natasha
  5345 | D:4      | Killed Natasha
  5452 | D:5      | Entered Level 5 of the Dungeon
  5458 | D:5      | Reached XP level 7. HP: 44/59 MP: 6/14
  5538 | D:5      | Identified the +1 halberd "Hymih" {vamp, rF- Int+4}
  5613 | D:4      | Learned a level 4 spell: Fulminant Prism
  5963 | D:4      | Reached skill level 1 in Air Magic
  5963 | D:4      | Reached skill level 1 in Alchemy
  6206 | D:5      | Noticed a wraith
  6229 | D:5      | Killed a wraith
  6230 | D:5      | Reached XP level 8. HP: 51/67 MP: 0/15
  6578 | D:5      | Found a radiant altar of Vehumet.
  6584 | D:5      | Became a worshipper of Vehumet
  6592 | D:5      | Found a stormy altar of Qazlal.
  6772 | D:5      | Noticed Sigmund
  6787 | D:5      | Killed Sigmund
  6973 | D:5      | Noticed Edmund
  7209 | D:5      | Killed Edmund
  7518 | D:5      | Found a runed translucent gate.
  7518 | D:5      | Found a runed translucent gate.
  7518 | D:5      | Found a runed translucent gate.
  7519 | D:5      | Noticed MoonlitKnight's ghost (amateur CoHu)
  7521 | D:5      | Identified the +11 whip of Cataclysm {drain, Str+6}
  7521 | D:5      | Identified the +2 ring mail of Honour {Will+}
  7523 | D:5      | Found a roughly hewn altar of Beogh.
  7593 | D:6      | Noticed Eustachio
  8225 | D:6      | Reached skill level 5 in Conjurations
  8225 | D:6      | Reached XP level 9. HP: 74/74 MP: 3/18
  8331 | D:6      | Killed Eustachio
  8630 | D:6      | Found a runed translucent door.
  8634 | D:6      | Noticed Nebesus's ghost (novice AtFi)
  8714 | D:6      | Found a runed translucent door.
  9250 | D:6      | Reached * piety under Vehumet
  9250 | D:6      | Offered knowledge of Shock by Vehumet.
  9443 | D:6      | Found a staircase to the Ecumenical Temple.
  9770 | D:6      | Noticed Blork the orc
  9789 | D:6      | Killed Blork the orc
  9867 | D:6      | Found a shimmering blue altar of Sif Muna.
  9927 | D:6      | Found Qyon's Jewellery Shop.
 11261 | D:7      | Reached XP level 10. HP: 81/81 MP: 10/22
 11374 | D:7      | Reached skill level 1 in Fighting
 11382 | D:7      | Reached skill level 1 in Maces & Flails
 11487 | D:7      | Found a transporter.
 11560 | D:7      | Noticed scrimwish's ghost (novice HuCj)
 11575 | D:7      | Found a transporter.
 12360 | D:8      | HP: 1/92 [water moccasin (7)]
 12361 | D:8      | Succumbed to a water moccasin's poison

Illustrated notes

Levels and vault maps discovered:
D:1:      reono_arrival_forest_river, layout_loops_corners, serial_glass,
          glass_columns_a, glass_columns_a, serial_shops, shop,
          nicolae_hexahallways
D:2:      layout_basic, basic_altar
D:3:      layout_loops_ring, serial_shops, shop, nicolae_titane,
          uniq_crazy_yiuf_cottage
D:4:      layout_loops_corners, gammafunk_temple_overflow_statue,
          nicolae_uskayaw_en_pointe, serial_shops,
          nicolae_shop_tiny_real_fake_doors, uniq_natasha
D:5:      layout_loops_cross, mainiacjoe_overflow_big_doors,
          biasface_ghost_orc_armoury, lightli_sewer_entry_pipes,
          grunt_ministairs_7, uniq_edmund, uniq_sigmund
D:6:      layout_basic, tgw_sif, minmay_temple_entry_large_hall,
          ebering_ghost_sewer_f, minmay_shop_enchanted_jewellery,
          roadster_capsule_ark_zombie, uniq_eustachio
D:7:      layout_gridville, gammafunk_ghost_hive, minmay_diced_spiral
D:8:      layout_layer_cave, mainiacjoe_overflow_brackets

Skill      XL: |  1  2  3  4  5  6  7  8  9 10 |
---------------+-------------------------------+-----
Conjurations   | 1 2 3 4 5 7 8 |  8.0
Summonings     | 1 2 3 4 |  4.0
Spellcasting   | 4 5 6 8 |  8.2
Translocations | 1 2 3 |  3.0
Air Magic      | 2 4 |  4.0
Alchemy        | 2 4 |  4.0
Fighting       | 3 |  3.8
Maces & Flails | 2 |  2.8
Dodging        | 2 |  2.4
Stealth        | |  1.4

Action                     |  1- 3 |  4- 6 |  7- 9 | 10-12 || total
---------------------------+-------+-------+-------+-------++-------
  Melee: Club              |       |     1 |       |       ||     1
         Giant club        |       |       |     5 |       ||     5
         Headbutt          |       |       |     7 |     7 ||    14
         Giant spiked club |       |       |    13 |    27 ||    40
   Cast: Magic Dart        |    96 |    71 |   135 |    15 ||   317
         Call Imp          |     4 |     7 |    46 |     3 ||    60
         Searing Ray       |       |    13 |    27 |     2 ||    42
         Blink             |       |     1 |       |       ||     1
         Fulminant Prism   |       |       |    41 |     7 ||    48
         Mephitic Cloud    |       |       |     9 |     7 ||    16
  Evoke: Wand              |       |       |     1 |       ||     1
    Use: Scroll            |       |     6 |       |       ||     6
         Potion            |       |     1 |     2 |     2 ||     5
   Stab: Confused          |       |       |       |     6 ||     6
 Armour: Skin              |    12 |    27 |    97 |    45 ||   181
  Dodge: Dodged            |     8 |    17 |   134 |    24 ||   183

Table legend: (Time is in decaauts)
 A = Elapsed time spent in this place.
 B = Non-inter-level travel time spent in this place.
 C = Inter-level travel time spent in this place.
 D = Time resting spent in this place.
 E = Time spent auto-exploring this place.
 F = Levels seen in this place.
 G = Mean time per level.
                   A        B        C        D        E       F      G
               +--------+--------+--------+--------+--------+-----+--------+
         Total |  12398 |  11780 |    618 |    850 |   8995 |   8 | 1549.8 |
       Dungeon |  12398 |  11780 |    618 |    850 |   8995 |   8 | 1549.8 |
               +--------+--------+--------+--------+--------+-----+--------+

Top non-repeatable levels by time:
     D:5: 2582 daAuts
     D:6: 1990 daAuts
     D:4: 1811 daAuts
     D:1: 1781 daAuts
     D:7: 1713 daAuts
     D:2: 1250 daAuts
     D:3: 1030 daAuts
     D:8: 238 daAuts
